Map: Whirlwind LE (Void)

Players

Fedak - Winner!

  • Race: Terran Terran
  • League: Diamond
  • Spawn Location: 11:00

A.I. 1 (Elite)

  • Race: Zerg Zerg
  • Spawn Location: 1:00

VOD

Have the link to the VOD?

Description

Time

  • Played on: June 23, 2017, 8:53 p.m.
  • Length: 11:47
Show
View Real Time Build Order
Export as new Build Order

Fedak Terran - Winner!

Build Orders: Reaper Expand, Hellion Banshee, Mech 

Get SALT Encoding   

  12  0:01  SCV  
  13  0:13  SCV  
  14  0:17  Supply Depot  
  14  0:25  SCV  
  14  0:28  Refinery  
  15  0:39  SCV  
  16  0:46  Barracks  
  16  0:52  SCV  
  17  1:04  SCV  
  18  1:16  SCV  
  19  1:32  Orbital Command  
  19  1:33  Reaper  
  20  1:43  Command Center  
  20  1:51  Factory  
  20  1:59  SCV  
  21  2:05  Refinery  
  21  2:08  Barracks Reactor  
  21  2:11  SCV  
  21  2:15  Supply Depot  
  22  2:23  SCV  
  23  2:36  Starport, SCV  
  24  2:51  SCV  
  24  2:55  Hellion x2  
  24  2:56  Barracks Tech Lab  
  24  2:57  Orbital Command  
  29  3:06  SCV  
  30  3:17  Hellion x2  
  30  3:18  SCV  
  35  3:20  Medivac  
  35  3:22  Cloaking Field  
  35  3:24  SCV  
  38  3:32  Supply Depot, SCV  
  39  3:36  SCV  
  40  3:44  SCV  
  40  3:45  Supply Depot  
  41  3:48  SCV  
  41  3:50  Banshee  
  41  3:54  Hellion  
  49  3:55  Hellion  
  49  3:58  SCV  
  49  4:00  SCV  
  51  4:03  Supply Depot  
  51  4:10  SCV  
  51  4:12  SCV  
  53  4:18  Hellion  
  53  4:19  Hellion  
  53  4:22  SCV  
  58  4:24  SCV  
  59  4:33  Banshee  
  59  4:34  SCV  
  63  4:39  SCV  
  63  4:40  Hellion x2  
  68  4:46  Command Center, SCV  
  68  4:48  Refinery  
  68  4:50  Refinery  
  69  4:54  Supply Depot, SCV  
  69  4:58  Supply Depot  
  70  5:05  Barracks Tech Lab  
  70  5:16  SCV x2  
  70  5:20  Cyclone  
  70  5:21  Cyclone  
  78  5:25  Armory  
  78  5:28  SCV  
  79  5:30  SCV  
  79  5:35  Factory  
  80  5:36  Factory  
  80  5:40  SCV  
  81  5:44  SCV  
  81  5:48  Supply Depot  
  82  5:50  Supply Depot, Starport Reactor  
  82  5:51  Refinery x2  
  82  5:52  SCV  
  82  5:56  Hellion, SCV  
  88  5:57  Hellion  
  88  6:03  Orbital Command  
  88  6:05  SCV  
  88  6:08  SCV  
  90  6:13  Terran Vehicle Weapons Level 1  
  90  6:17  SCV  
  91  6:20  SCV  
  91  6:21  Thor  
  98  6:30  Thor  
  104  6:34  SCV  
  104  6:35  SCV x2  
  104  6:39  Medivac x2  
  111  6:45  Hellion x2  
  111  6:46  SCV  
  111  6:47  SCV x2  
  117  6:53  Supply Depot  
  118  6:54  Supply Depot  
  118  6:59  SCV x3  
  121  7:05  Siege Tank  
  124  7:10  Supply Depot  
  124  7:12  Supply Depot, SCV  
  124  7:15  Siege Tank, SCV x2, Hellion  
  132  7:16  Hellion  
  132  7:18  Viking  
  132  7:21  Armory  
  136  7:27  Supply Depot  
  136  7:28  Supply Depot  
  136  7:30  Barracks Tech Lab  
  136  7:33  SCV x3  
  139  7:41  Siege Tank  
  139  7:42  Hellion x2  
  146  7:47  Siege Tank  
  149  7:53  Factory  
  149  7:54  Viking x2  
  149  7:55  Factory  
  153  8:05  Hellion x2  
  157  8:06  Barracks Reactor  
  157  8:09  Terran Vehicle Weapons Level 2  
  157  8:10  Terran Vehicle And Ship Armor Level 1  
  157  8:18  Siege Tank  
  160  8:20  Siege Tank  
  160  8:26  Command Center, Hellion x2  
  167  8:30  Engineering Bay  
  167  8:35  Viking x2  
  171  8:47  Siege Tank  
  171  8:48  Supply Depot  
  174  8:49  Supply Depot  
  174  8:50  Hellion  
  174  8:51  Hellion, Siege Tank  
  174  8:52  Siege Tank  
  174  8:53  Hellion x2  
  188  9:01  Infernal Pre-Igniter  
  188  9:12  Hellion x2  
  196  9:20  Refinery  
  196  9:24  Refinery  
  196  9:27  Siege Tank  
  199  9:34  Siege Tank  
  199  9:35  Siege Tank  
  187  9:48  Hellion x2  
  187  9:49  Viking x2, Hellion x2  
  186  9:55  Starport  
  186  9:57  Starport  
  186  9:58  Factory  
  174  10:17  Siege Tank  
  174  10:18  Siege Tank x2  
  174  10:19  Hellion x4  
  174  10:20  Viking x2  
  193  10:23  Planetary Fortress  
  188  10:50  Hellion x4, Factory Tech Lab  
  188  10:52  Starport Tech Lab, Starport Reactor  
  190  10:59  Thor  
  190  11:00  Thor  
  192  11:22  Command Center  
  192  11:23  Refinery  
Show
View Real Time Build Order
Export as new Build Order

A.I. 1 (Elite) Zerg 

Build Orders: Pool First 

Get SALT Encoding   

  12  0:00  Drone  
  13  0:12  Overlord  
  13  0:16  Drone  
  14  0:30  Drone x2  
  16  0:42  Spawning Pool  
  15  0:44  Drone  
  15  0:48  Drone  
  17  1:12  Hatchery  
  17  1:13  Drone  
  17  1:16  Extractor  
  16  1:19  Drone  
  16  1:22  Drone  
  18  1:27  Drone  
  19  1:38  Overlord  
  19  1:49  Drone, Queen  
  22  1:59  Zergling x2  
  23  2:10  Drone  
  23  2:21  Drone  
  24  2:24  Drone, Queen  
  27  2:32  Roach Warren  
  27  2:34  Extractor  
  25  2:38  Drone  
  25  2:42  Drone  
  27  2:48  Overlord  
  27  2:51  Drone  
  27  2:56  Drone  
  27  2:58  Drone  
  30  3:02  Drone  
  31  3:06  Drone  
  31  3:07  Zergling x2  
  31  3:11  Zergling x2  
  34  3:16  Roach  
  36  3:20  Roach  
  36  3:24  Roach  
  40  3:28  Roach  
  40  3:30  Drone  
  40  3:33  Drone  
  44  3:38  Overlord  
  44  3:45  Lair  
  44  3:57  Drone x4  
  44  4:00  Drone  
  44  4:02  Drone  
  50  4:04  Drone  
  50  4:07  Drone  
  52  4:11  Overlord  
  52  4:29  Drone x3  
  52  4:30  Drone x2, Zergling x2  
  58  4:31  Zergling x4  
  58  4:34  Overlord  
  60  4:38  Overlord  
  60  4:46  Infestation Pit  
  60  4:47  Drone  
  60  4:49  Spire, Drone  
  62  4:53  Roach  
  62  4:54  Roach  
  62  4:57  Roach  
  62  4:59  Roach  
  68  5:02  Overlord  
  68  5:10  Drone  
  68  5:12  Drone  
  70  5:15  Overlord  
  70  5:17  Roach  
  70  5:19  Roach  
  74  5:22  Roach  
  74  5:23  Hive  
  74  5:24  Roach  
  74  5:27  Overlord  
  78  5:30  Overlord  
  78  6:00  Overlord  
  78  6:02  Corruptor  
  78  6:03  Overlord, Corruptor x2  
  84  6:12  Drone, Evolution Chamber  
  84  6:15  Drone, Zergling x2, Evolution Chamber  
  84  6:18  Zergling x2, Corruptor  
  86  6:19  Zergling x2  
  86  6:21  Zergling x2  
  86  6:22  Zergling x2  
  86  6:24  Zergling x2  
  92  6:27  Drone  
  92  6:28  Drone, Extractor  
  92  6:31  Extractor  
  92  6:36  Drone  
  93  6:40  Hydralisk Den  
  93  6:41  Drone  
  93  6:50  Drone  
  93  6:51  Drone x3, Evolution Chamber  
  93  6:52  Hatchery  
  93  6:53  Drone x2  
  97  6:56  Drone  
  98  7:02  Drone  
  98  7:06  Infestor  
  101  7:11  Hydralisk  
  101  7:13  Overseer  
  101  7:15  Hydralisk  
  105  7:28  Infestor  
  107  7:37  Metabolic Boost  
  107  7:47  Zerg Melee Weapons Level 1  
  107  7:54  Spine Crawler  
  107  7:57  Zerg Missile Weapons Level 1, Spine Crawler  
  105  8:04  Queen  
  105  8:05  Drone x5  
  111  8:06  Drone x3, Overlord  
  111  8:07  Drone x4  
  111  8:12  Zerg Ground Armor Level 1  
  119  8:13  Drone x3  
  119  8:14  Drone  
  119  8:17  Drone x3, Extractor  
  119  8:19  Ravager, Extractor  
  125  8:24  Overlord  
  125  8:26  Ravager  
  126  8:30  Hydralisk  
  128  8:35  Hydralisk  
  128  8:39  Drone x3, Spore Crawler  
  128  8:40  Drone  
  133  8:45  Overlord, Drone x2  
  133  8:46  Drone  
  136  8:49  Infestor  
  138  8:57  Infestor  
  138  8:59  Roach  
  138  9:00  Roach  
  138  9:02  Roach  
  146  9:03  Overlord  
  146  9:07  Spore Crawler  
  145  9:12  Pathogen Glands  
  145  9:18  Spine Crawler  
  145  9:21  Overlord  
  145  9:24  Spine Crawler  
  143  9:26  Spore Crawler  
  143  9:30  Mutalisk x3  
  148  9:36  Hatchery, Queen  
  148  9:37  Mutalisk, Zergling x8  
  148  9:38  Zergling x6  
  143  9:43  Zergling x2  
  125  9:46  Roach x3  
  125  9:47  Roach  
  125  9:48  Roach, Zergling x4  
  125  9:49  Roach  
  111  9:53  Hydralisk  
  111  9:56  Drone  
  111  9:57  Drone, Hydralisk  
  69  10:15  Roach  
  69  10:17  Drone  
  70  10:22  Hydralisk  
  70  10:25  Drone  
  66  10:29  Zergling x2  
  66  10:31  Drone, Roach x2, Zergling x2  
  60  10:40  Roach, Hydralisk  
  46  10:58  Overseer  
  12  11:27  Drone  
Tags
 
Add a new tag
Caveats
  • Supply blocks, unpowered buildings, or Contaminate may cause inaccurate times.
  • Supply counts are checked every 10 seconds.